 Dungeon Crawl Stone Soup version 0.30.0-29-ga12c61a403 (webtiles) character file.

Game seed: 15159497641995412861

125 monsoonserge the Charlatan (level 4, -2/22 HPs)
             Began as a Spriggan Artificer on June 16, 2023.
             Was a Believer of Nemelex Xobeh.
             Slain by a gnoll
             ... wielding a +0 halberd
              (13 damage)
             ... on level 4 of the Dungeon.
             The game lasted 00:13:46 (3290 turns).

monsoonserge the Charlatan (Spriggan Artificer)     Turns: 3290, Time: 00:13:47

Health: -2/22      AC:  2    Str:  8    XL:     4   Next: 82%
Magic:  6/6        EV: 18    Int: 12    God:    Nemelex Xobeh [**....]
Gold:   202        SH:  0    Dex: 17    Spells: 3/3 levels left

rFire   . . .        o - +0 short sword
rCold   . . .        (no shield)
rNeg    . . .        b - +0 robe
rPois   .            (helmet restricted)
rElec   .            r - scarf {+Inv}
rCorr   .            (gloves unavailable)
SInv    +            (boots unavailable)
Will    .....        (no amulet)
Stlth   ++           (no ring)
HPRegen 0.23/turn    (no ring)
MPRegen 0.10/turn

%: no passive effects
@: very quick
A: very small, no large weapons, unfitting armour, see invisible, speed 3
a: Renounce Religion, Evoke Invisibility, Draw Escape, Draw Destruction, Draw
Summoning


You were on level 4 of the Dungeon.
You worshipped Nemelex Xobeh.
Nemelex Xobeh was pleased with you.
You visited 1 branch of the dungeon, and saw 4 of its levels.

You collected 202 gold pieces.

Inventory:

Hand Weapons
 i - a +0 dagger
 o - a +0 short sword (weapon)
Missiles
 l - 11 poisoned darts
 s - a throwing net
Armour
 b - a +0 robe (worn)
 r - a scarf of invisibility (worn)
Wands
 c - a wand of flame (12) (quivered)
 d - a wand of charming (15)
 e - a wand of iceblast (5)
Scrolls
 a - a scroll of amnesia {unknown}
 f - 2 scrolls of immolation {unknown}
 g - 3 scrolls of identify {unknown}
 j - a scroll of torment {unknown}
 m - a scroll of poison {unknown}
 q - 3 scrolls of teleportation {unknown}
 u - a scroll of noise {unknown}
 v - a scroll of fog {unknown}
Potions
 h - a potion of haste {unknown}
 k - a potion of magic {unknown}
 n - a potion of attraction {unknown}
 p - 2 potions of might {unknown}
 t - a potion of mutation {unknown}
 w - a potion of curing {unknown}


   Skills:
 + Level 1.3 Fighting
 + Level 2.0 Short Blades
 + Level 4.1 Dodging
 + Level 2.1 Stealth
 * Level 1.6 Invocations
 * Level 5.1 Evocations


You had 3 spell levels left.
You didn't know any spells.
Your spell library contained the following spells:

 Spells                   Type           Power      Damage    Failure   Level
 Hailstorm                Conj/Ice       0%         3d3       69%         3
 Ice Form                 Ice/Tmut       0%         N/A       97%         4
 Simulacrum               Ice/Necr       0%         N/A       100%        6


Dungeon Overview and Level Annotations

Branches:
Dungeon (4/15)
 Temple: D:4-7

Altars:
Nemelex Xobeh

Shops:
D:3 *

Annotations:
D:2 Robin


Innate Abilities, Weirdness & Mutations

You are very small and have problems with some larger weapons.
You are too small for most types of armour.
You have supernaturally acute eyesight. (SInv)
You cover ground extremely quickly. (Speed+++)


Message History

You hit the gnoll but do no damage.
The gnoll is heavily wounded.
The gnoll completely misses you.
You barely miss the gnoll.
The gnoll is moderately wounded.
The gnoll misses you.
You closely miss the gnoll.
The gnoll is moderately wounded.
The gnoll closely misses you.
You hit the gnoll but do no damage.
The gnoll is moderately wounded.
The gnoll misses you.
You barely miss the gnoll.
The gnoll is moderately wounded.
The gnoll hits you with a +0 halberd.
* * * LOW HITPOINT WARNING * * *
There is a stone staircase leading up, spattered with blood here.
The gnoll completely misses you.
You climb upwards.
There is a stone staircase leading down here.
You start resting.
HP restored.
You climb downwards.
The gnoll hits you from afar with a +0 halberd.
There is a stone staircase leading up, spattered with blood here.
You hit the gnoll.
The gnoll is lightly wounded.
The gnoll barely misses you.
You closely miss the gnoll.
The gnoll is lightly wounded.
The gnoll misses you.
You hit the gnoll.
The gnoll is moderately wounded.
The gnoll hits you with a +0 halberd!
You hit the gnoll.
The gnoll is severely wounded.
The gnoll hits you with a +0 halberd!
Ouch! That really hurt!
You die...
Your body disappears without a glow.

####....g....#
#......#####.# #.##...###
#g# ### #.##.....# #g# ..#
#......#.# #g# #.# #+##
####.###.# #.# #.###...##
#.###.###.# #.##.....##
#.g..)....# #.#.......#
##@##.#####
#.l........####..<#.######.
l..........+...............
#..........####...########.
..#.......## ##.##
####.....## #.# ##...## .##
#+## .. ..P


You could see a gnoll.

Vanquished Creatures
  2 gnolls
  3 adders
  2 worms
  2 dart slugs (D:2)
  4 endoplasms (D:1)
  4 giant cockroaches
  6 goblins
  5 hobgoblins
  4 quokkas
  6 ball pythons
  8 bats
  5 frilled lizards
  12 kobolds
  7 rats
70 creatures vanquished.

Notes
Turn   | Place    | Note
-------+----------+-------------------------------------------
     0 | D:1      | monsoonserge the Spriggan Artificer began the quest for the
                  | Orb.
     0 | D:1      | Reached XP level 1. HP: 9/9 MP: 2/2
   202 | D:1      | Found a faded altar of an unknown god.
   206 | D:1      | Prayed at the altar of an unknown god.
   206 | D:1      | Became a worshipper of Nemelex Xobeh the Trickster
   206 | D:1      | Reached * piety under Nemelex Xobeh
   206 | D:1      | Received a gift from Nemelex Xobeh
   281 | D:1      | Reached XP level 2. HP: 13/14 MP: 3/3
   844 | D:1      | Reached skill level 1 in Fighting
   936 | D:2      | Reached XP level 3. HP: 17/18 MP: 4/4
  1308 | D:2      | Noticed Robin
  1539 | D:2      | Reached skill level 1 in Invocations
  1553 | D:2      | Reached skill level 1 in Short Blades
  1671 | D:2      | Reached skill level 5 in Evocations
  1671 | D:2      | Reached XP level 4. HP: 22/22 MP: 5/5
  1741 | D:3      | Identified the +1 ring mail "Hinuwoos" {rElec rC+ Dex+2}
  1793 | D:3      | Reached ** piety under Nemelex Xobeh
  1874 | D:3      | Found Baypredgh's General Store.
  2144 | D:3      | Identified the +3 halberd "Pinnuc" {heavy, Dex+2}
  3290 | D:4      | Slain by a gnoll

Illustrated notes

Levels and vault maps discovered:
D:1:      mrwooster_arrival_arrow, layout_basic,
          chequers_ecumenical_altar_simple_redux, amcnicky_mini_pool_small
D:2:      minmay_diamond_boxcup, layout_basic, minmay_misc_feat_square,
          uniq_robin
D:3:      layout_loops_corners, serial_shops,
          nicolae_shop_pleasant_corner_grove, minmay_goblin_kobold_house
D:4:      cheibrodos_greedy_goblins, layout_loops_corners, cheibrodos_gnoll_hut

Skill      XL: |  1  2  3  4 |
---------------+-------------+-----
Fighting       | 1 |  1.3
Invocations    | 1 |  1.6
Short Blades   | 1 2 |  2.0
Stealth        | 2 |  2.1
Evocations     | 5 |  5.1
Dodging        | 4 |  4.1

Action                     |  1- 3 |  4- 6 || total
---------------------------+-------+-------++-------
  Melee: Dagger            |   102 |       ||   102
         Club              |    12 |       ||    12
         Short sword       |   127 |   134 ||   261
         Punch             |     2 |     1 ||     3
 Invoke: Draw Destruction  |     2 |       ||     2
         Draw Summoning    |     1 |       ||     1
  Evoke: Wand              |     3 |       ||     3
   Stab: Distracted        |     1 |     1 ||     2
         Sleeping          |     1 |     7 ||     8
 Armour: Robe              |    35 |     9 ||    44
  Dodge: Dodged            |   220 |   102 ||   322
